 Dungeon Crawl Stone Soup version 0.30-a0-368-g86fb4627a9 (webtiles) character file.

Game seed: 13231352295981848258

38052 oldriver the Eclecticist (level 13, -2/99 HPs)
             Began as a Mummy Necromancer on Nov 19, 2022.
             Was a High Priest of Hepliaklqana.
             Slain by a wraith (6 damage)
             ... led by Josephine
             ... on level 4 of the Lair of Beasts.
             The game lasted 00:44:35 (20731 turns).

oldriver the Eclecticist (Mummy Necromancer)       Turns: 20731, Time: 00:44:35

Health: -2/99      AC: 11    Str: 12    XL:     13   Next: 61%
Magic:  4/32       EV: 13    Int: 24    God:    Hepliaklqana [*****.]
Gold:   918        SH: 12    Dex: 17    Spells: 9/43 levels left

rFire   + . .      SeeInvis .    m - +8 long sword "Cuesaiko" {vorpal, Dex+4}
rCold   + . .      Faith    +    g - +2 kite shield
rNeg    + + +      Spirit   .    b - +2 robe {rC+}
rPois   ∞          Reflect  .    v - +0 helmet
rElec   .          Harm     .    D - +0 cloak {rF+}
rCorr   .          Rampage  +    z - +0 pair of gloves
Will    ++...                    F - +2 pair of boots {rampage}
Stlth   +.........               (no amulet)
HPRegen 0.36/turn                B - +6 ring of intelligence
MPRegen 0.23/turn                A - ring of the Four Lies {Fire Will+}

@: silenced
A: reduced essence, cold resistance 1, negative energy resistance 3, torment
resistance 2, heat vulnerability 1, in touch with death 2, no potions, faith
a: Renounce Religion


You were on level 4 of the Lair of Beasts.
You worshipped Hepliaklqana.
Hepliaklqana was extremely pleased with you.
You visited 4 branches of the dungeon, and saw 18 of its levels.
You also visited: Volcano.

You collected 1728 gold pieces.
You spent 810 gold pieces at shops.

Inventory:

Hand Weapons
 m - the +8 long sword "Cuesaiko" (weapon) {vorpal, Dex+4}
   (You found it on level 2 of the Dungeon)

   It inflicts extra damage upon your enemies.
   Dex:       It affects your dexterity (+4).
Missiles
 a - 3 throwing nets
Armour
 b - a +2 robe of cold resistance (worn)
 g - a +2 kite shield (worn)
 o - a +2 cloak
 v - a +0 helmet (worn)
 z - a +0 pair of gloves (worn)
 D - a +0 cloak of fire resistance (worn)
 E - a +2 robe of fire resistance
 F - a +2 pair of boots of rampaging (worn)
Jewellery
 i - a ring of magical power
 n - a ring of ice
 s - a ring of magical power
 y - a +4 ring of protection
 A - the ring of the Four Lies (right hand) {Fire Will+}
   (You bought it in a shop on level 6 of the Dungeon)

   [ring of fire]

   It enhances your fire magic.
   rF:        It protects you from fire.
   rC:        It makes you vulnerable to cold.
   Will:      It increases your willpower.
 B - a +6 ring of intelligence (left hand)
 H - a ring of willpower
Wands
 f - a wand of roots (10)
 q - a wand of polymorph (16)
 u - a wand of charming (27)
 w - a wand of digging (5)
 x - a wand of acid (12)
Scrolls
 c - 4 scrolls of enchant weapon
 d - 7 scrolls of teleportation
 e - 8 scrolls of noise
 h - 3 scrolls of poison
 j - 3 scrolls of magic mapping
 k - 5 scrolls of immolation
 l - 2 scrolls of fog
 p - 5 scrolls of brand weapon
 r - 9 scrolls of identify
 G - 2 scrolls of fear {unknown}
Miscellaneous
 t - a phial of floods


   Skills:
 + Level 13.1 Fighting
 - Level 3.0 Long Blades
 - Level 5.0 Armour
 - Level 5.0 Dodging
 - Level 1.5 Stealth
 - Level 5.0 Shields
 + Level 15.6 Spellcasting
 + Level 6.5 Summonings
 - Level 8.0 Necromancy


You had 9 spell levels left.
You knew the following spells:

 Your Spells              Type           Power      Damage    Failure   Level
a - Necrotise             Necr           100%       1d9       1%          1
b - Vampiric Draining     Necr           91%        2d12      1%          3
c - Animate Dead          Necr           91%        N/A       3%          4
d - Dispel Undead         Necr           91%        3d29      3%          4
f - Summon Forest         Summ/Tloc      17%        N/A       52%         5
g - Summon Cactus Giant   Summ           25%        N/A       65%         6
q - Call Canine Familiar  Summ           50%        N/A       1%          3
v - Summon Mana Viper     Hex/Summ       34%        N/A       52%         5
w - Summon Guardian Gole  Hex/Summ       34%        N/A       6%          3

Your spell library contained the following spells:

 Spells                   Type           Power      Damage    Failure   Level
 Summon Small Mammal      Summ           100%       N/A       1%          1
 Cigotuvi's Dreadful Rot  Necr/Pois/Air  100%       N/A       4%          2
 Magic Dart               Conj           72%        1d6       9%          1
 Slow                     Hex            72%        N/A       9%          1
 Agony                    Necr           91%        N/A       9%          5
 Scorch                   Fire           56%        2d7       12%         2
 Searing Ray              Conj           36%        2d5       12%         2
 Summon Ice Beast         Ice/Summ       34%        N/A       22%         4
 Confusing Touch          Hex            18%        N/A       24%         3
 Frozen Ramparts          Ice            36%        1d6       24%         3
 Gell's Gravitas          Tloc           18%        N/A       24%         3
 Kindle Blastsparks       Fire/Tloc/Air  56%        2d14      24%         3
 Teleport Other           Tloc           18%        N/A       24%         3
 Death Channel            Necr           45%        N/A       43%         6
 Flame Wave               Conj/Fire      28%        2d9       63%         4
 Fulminant Prism          Conj/Hex       9%         3d7       63%         4
 Iskenderun's Mystic Bla  Conj/Tloc      18%        2d6       63%         4
 Olgreb's Toxic Radiance  Pois           18%        N/A       63%         4
 Irradiate                Conj/Tmut      9%         3d14      92%         5
 Lee's Rapid Deconstruct  Erth           9%         3d7*      92%         5
 Yara's Violent Unravell  Hex/Tmut       9%         3d6       92%         5
 Dispersal                Tloc           9%         N/A       100%        6
 Enfeeble                 Hex            9%         N/A       100%        7
 Ozocubu's Refrigeration  Ice            9%         4d9       100%        7
 Ignition                 Fire           14%        3d6       100%        8
 Ice Form                 Ice/Tmut       Unusable   N/A       N/A         4
 Blade Hands              Tmut           Unusable   N/A       N/A         5
 Dragon Form              Tmut           Unusable   N/A       N/A         7

Dungeon Overview and Level Annotations

Branches:
Dungeon (11/15)            Temple (1/1) D:4            Lair (4/5) D:11
  Swamp (0/4) Lair:2       Spider (0/4) Lair:3        Slime (0/5) Lair:4
    Orc (2/2) D:11        Volcano (visited)
    Elf: Orc:2

Altars:
Ashenzari
Cheibriados
Dithmenos
Fedhas
Gozag
Hepliaklqana
Kikubaaqudgha
Makhleb
Nemelex Xobeh
Okawaru
Qazlal
Ru
Sif Muna
Trog
Uskayaw
Vehumet
Wu Jian
Xom
Yredelemnul
Jiyva

Shops:
D:4 (   D:6 =   D:8 :   D:11 **

Annotations:
D:8 3 runed translucent doors, Darkkill's ghost, novice MiHu


Innate Abilities, Weirdness & Mutations

Your life essence is reduced to manifest your ancestor. (-10% HP)
You are immune to poison.
Your flesh is cold resistant. (rC+)
You are immune to negative energy. (rN+++)
You are immune to unholy pain and torment.
You are vulnerable to heat. (rF-)
You are strongly in touch with the powers of death.
You do not drink.
You have a special connection with the divine. (Faith)


Message History

Confirm with . or Enter, or press ? or * to list all spells.
Aiming: Dispel Undead (dangerous; 3% risk of failure)
Press: ? - help, Shift-Dir - straight line, f/p - Josephine
Aim: Josephine, wielding a +0 dagger and wearing a +0 robe (almost dead, ally target, 100% to hit)
You feel a strong surge of power!
Josephine is unaffected.
The wraith barely misses you. Josephine hits you but does no damage.
Casting: Dispel Undead (dangerous; 3% risk of failure)
Confirm with . or Enter, or press ? or * to list all spells.
Okay, then.
You barely miss Josephine.
Josephine is almost dead.
You block the wraith's attack. Josephine casts a spell at you.
You convulse!
Unknown command.
You closely miss Josephine.
Josephine is almost dead.
The wraith misses you. You block Josephine's attack.
The wraith closely misses you. Josephine casts a spell at you.
You convulse!
Unknown command.
You barely miss Josephine.
Josephine is almost dead.
You block the wraith's attack.
Josephine says, "I'll make a rug of your skin."
Josephine gestures at you while chanting.
You convulse!
* * * LOW HITPOINT WARNING * * *
Casting: Dispel Undead (dangerous; 3% risk of failure)
Confirm with . or Enter, or press ? or * to list all spells.
You don't have enough magic to cast this spell.
You can't drink.
As you read the scroll of silence, it crumbles to dust.
A profound silence engulfs you. Josephine closely misses you.
You block the wraith's attack.
You slice Josephine!!
You kill Josephine!
The wraith hits you.
You die...

####....................
....................>...
.......................#
......................#
.#.#.................#
#####...............#
##.........ZZ...#
##........#RZ###
####.##.##@## #.#.##WW#
#....Wl.. P.#..#..P.
#..........#
##...##P.... ... ###.##.
#.. ## ##


You could see the friendly Cyneburga the battlemage, a komodo dragon, 3 wraiths,
2 friendly yak zombies and a friendly cane toad zombie.

Vanquished Creatures
  Josephine (Lair:4)
  Snorg (D:10)
  Fannar (Lair:2)
  3 hydras
  Harold (D:10)
  A boulder beetle (D:11)
  6 wizards
  2 cyclopes (D:11)
  2 toenail golems (Volcano)
  6 cane toads
  A rime drake (Lair:1)
  3 trolls
  A hornet (D:9)
  5 blink frogs
  2 wraiths (Lair:4)
  2 shadows (D:11)
  2 wyverns
  2 vampires
  8 yaks
  A basilisk (D:11)
  Edmund (D:4)
  An acid dragon (D:9)
  6 water moccasins
  3 ice beasts
  A black bear (D:8)
  7 orc warriors
  2 sky beasts
  4 wolves
  6 ogres
  4 centaurs
  4 bullfrogs
  2 gnoll sergeants
  5 scorpions
  17 wights
  7 killer bees
  6 howler monkeys
  An electric eel (D:10)
  3 hounds
  5 orc priests
  A gnoll bouda (D:9)
  4 iguanas
  7 orc wizards
  7 gnolls
  7 adders
  A white imp (D:6)
  4 worms
  4 dart slugs
  36 orcs
  4 bats
  11 endoplasms
  5 giant cockroaches
  4 goblins
  5 hobgoblins
  13 kobolds
  5 quokkas
  6 ball pythons
  7 frilled lizards
  5 rats
272 creatures vanquished.

Vanquished Creatures (collateral kills)
  A catoblepas (Lair:3)
  A hydra (Lair:2)
  A centaur warrior (D:10)
  A dancing weapon (Volcano)
  Lodul (D:10)
  An orc knight (Orc:1)
  2 orc sorcerers (Orc:2)
  A black mamba (Lair:4)
  3 toenail golems (Volcano)
  4 cane toads
  3 komodo dragons
  A kobold demonologist (D:11)
  A troll (D:10)
  A polar bear (Lair:1)
  A nameless horror (D:11)
  4 blink frogs
  24 yaks
  A wyvern (Lair:2)
  3 basilisks (Lair:1)
  Grum (D:11)
  A steam dragon (Lair:3)
  An acid dragon (D:11)
  7 water moccasins
  A swamp drake (D:11)
  2 orc warriors
  4 ogres (D:10)
  A centaur (D:11)
  9 wolves
  2 kobold brigands
  4 bullfrogs
  A wight (D:9)
  6 killer bees
  An electric eel (Lair:2)
  A howler monkey (D:10)
  A crimson imp (D:10)
  2 orc priests (D:11)
  4 orc wizards
  6 gnolls (D:9)
  6 orcs
  3 kobolds (D:10)
  A frilled lizard (D:1)
120 creatures vanquished.

Vanquished Creatures (others)
  4 yaks
  A water moccasin (Lair:2)
  2 blink frog zombies (Lair:2)
  A hornet zombie (D:9)
  3 wolves (Lair:3)
  A wyvern zombie (D:11)
  3 water moccasin zombies
  14 yak zombies
  A basilisk zombie (D:11)
  5 ancestors
  10 battlemagi
  2 killer bee zombies
  3 howler monkey zombies
  2 gnoll zombies (D:5)
  4 orc zombies (D:9)
  17 fungi
  26 plants
99 creatures vanquished.

Grand Total: 491 creatures vanquished

Notes
Turn   | Place    | Note
-------+----------+-------------------------------------------
     0 | D:1      | oldriver the Mummy Necromancer began the quest for the Orb.
     0 | D:1      | Reached XP level 1. HP: 13/13 MP: 4/4
   149 | D:1      | Reached skill level 3 in Spellcasting
   214 | D:1      | Reached skill level 1 in Fighting
   266 | D:1      | Reached XP level 2. HP: 21/21 MP: 4/6
   879 | D:1      | Gained mutation: You are in touch with the powers of death.
                  | [Mummy growth]
   879 | D:1      | Reached XP level 3. HP: 27/27 MP: 5/8
  1153 | D:2      | Learned a level 3 spell: Vampiric Draining
  1172 | D:2      | Found a snail-covered altar of Cheibriados.
  1380 | D:2      | Reached skill level 4 in Spellcasting
  1466 | D:2      | Identified the +8 long sword "Cuesaiko" {vorpal, Dex+4}
  2348 | D:3      | Reached XP level 4. HP: 34/34 MP: 10/10
  2988 | D:3      | Found an opulent altar of Gozag.
  3101 | D:3      | Reached XP level 5. HP: 25/41 MP: 12/12
  3308 | D:3      | Found a radiant altar of Vehumet.
  3445 | D:4      | Found Ummued's Weapon Emporium.
  3452 | D:4      | Reached skill level 5 in Spellcasting
  3624 | D:4      | Found a shimmering blue altar of Sif Muna.
  3807 | D:4      | Reached XP level 6. HP: 44/48 MP: 14/14
  3862 | D:4      | Noticed Edmund
  3997 | D:4      | Found a staircase to the Ecumenical Temple.
  4009 | Temple   | Entered the Ecumenical Temple
  4146 | D:4      | Killed Edmund
  4147 | D:4      | Reached skill level 6 in Spellcasting
  4247 | D:5      | Entered Level 5 of the Dungeon
  4343 | D:4      | Reached skill level 5 in Fighting
  4343 | D:4      | Reached XP level 7. HP: 35/56 MP: 17/17
  4345 | D:4      | Reached skill level 7 in Spellcasting
  4461 | D:4      | Learned a level 4 spell: Animate Dead
  4466 | D:4      | Learned a level 4 spell: Dispel Undead
  4784 | D:5      | Reached XP level 8. HP: 45/64 MP: 19/19
  4959 | D:5      | Reached skill level 5 in Necromancy
  5017 | D:5      | Reached skill level 8 in Spellcasting
  5939 | D:6      | Found Taizusy's One-of-a-Kind Rings.
  6625 | D:6      | Reached skill level 1 in Armour
  6625 | D:6      | Reached skill level 9 in Spellcasting
  7013 | D:7      | Reached skill level 1 in Shields
  7022 | D:7      | Reached skill level 1 in Long Blades
  7022 | D:7      | Reached XP level 9. HP: 54/72 MP: 21/22
  8069 | D:7      | Found a sacrificial altar of Ru.
  8135 | D:8      | Found Raygretsusch's Vocational Training.
  8424 | D:8      | Found a broken altar of Ashenzari.
  8465 | D:8      | Found a blossoming altar of Fedhas.
  8750 | D:8      | Found a hazy altar of Hepliaklqana.
  9000 | D:8      | Found a runed translucent gate.
  9000 | D:8      | Found a runed translucent gate.
  9001 | D:8      | Found a runed translucent gate.
  9001 | D:8      | Noticed Darkkill's ghost (novice MiHu)
  9177 | D:8      | Became a worshipper of Hepliaklqana the Forgotten
  9310 | D:8      | Found a sparkling altar of Nemelex Xobeh.
  9575 | D:8      | Found a viscous altar of Jiyva.
 10003 | D:9      | Reached XP level 10. HP: 62/80 MP: 15/23
 10192 | D:9      | Reached * piety under Hepliaklqana
 10537 | D:9      | Reached skill level 10 in Spellcasting
 11068 | D:10     | Entered Level 10 of the Dungeon
 11068 | D:10     | Noticed Snorg
 11300 | D:10     | Noticed Lodul
 11300 | D:10     | Noticed a centaur warrior
 11594 | D:10     | Found a bloodstained altar of Trog.
 11596 | D:10     | Found a burning altar of Makhleb.
 11678 | D:10     | Found a shadowy altar of Dithmenos.
 11711 | D:10     | Killed Lodul
 11817 | D:10     | Killed a centaur warrior
 11836 | D:10     | Reached XP level 11. HP: 78/78 MP: 22/25
 12113 | D:10     | Reached ** piety under Hepliaklqana
 12114 | D:10     | Remembered your ancestor Cyneburga as a battlemage
 12191 | D:10     | Noticed a wizard
 12279 | D:6      | Bought the ring of the Four Lies {Fire Will+} for 488 gold
                  | pieces
 12544 | D:10     | Found a snail-covered altar of Cheibriados.
 12597 | D:10     | Killed Snorg
 12709 | D:10     | Found a stormy altar of Qazlal.
 12913 | D:10     | Noticed Harold
 12919 | D:10     | Killed Harold
 12920 | D:10     | Reached skill level 11 in Spellcasting
 13046 | D:10     | Killed a wizard
 13047 | D:10     | Reached skill level 5 in Dodging
 13344 | D:11     | Noticed a boulder beetle
 13361 | D:11     | Killed a boulder beetle
 13637 | D:11     | Reached skill level 5 in Armour
 13645 | D:11     | Reached skill level 5 in Shields
 13885 | D:11     | Found a staircase to the Lair.
 13976 | D:11     | Reached skill level 12 in Spellcasting
 14064 | D:11     | Reached skill level 10 in Fighting
 14766 | D:11     | Found Ireuq's General Store.
 14840 | D:11     | Found Dumyesiz's Specific Store.
 14850 | D:11     | Bought a scroll of teleportation for 42 gold pieces
 14850 | D:11     | Bought a book of Callings for 280 gold pieces
 14869 | D:11     | Found a staircase to the Orcish Mines.
 14959 | D:11     | Noticed Grum
 14973 | D:11     | Reached XP level 12. HP: 88/88 MP: 28/28
 14973 | D:11     | Killed Grum
 15041 | D:11     | Learned a level 3 spell: Call Canine Familiar
 15234 | D:11     | Reached *** piety under Hepliaklqana
 15330 | Orc:1    | Entered Level 1 of the Orcish Mines
 15394 | Orc:2    | Entered Level 2 of the Orcish Mines
 15505 | Orc:2    | Reached skill level 13 in Spellcasting
 15505 | Orc:2    | Reached skill level 1 in Summonings
 15748 | Orc:2    | Noticed an orc warlord
 16053 | Lair:1   | Entered Level 1 of the Lair of Beasts
 16807 | Lair:1   | You fall into a shaft and drop 1 floor!
 16876 | Lair:2   | Found a dark tunnel.
 16936 | Lair:2   | Noticed a six-headed hydra
 16942 | Lair:2   | Killed a six-headed hydra
 16966 | Lair:2   | Reached **** piety under Hepliaklqana
 17018 | Volcano  | Entered a volcano
 17037 | Volcano  | Reached skill level 14 in Spellcasting
 17549 | Lair:2   | Learned a level 3 spell: Summon Guardian Golem
 17555 | Lair:2   | Learned a level 5 spell: Summon Forest
 17561 | Lair:2   | Learned a level 5 spell: Summon Mana Viper
 17568 | Lair:2   | Learned a level 6 spell: Summon Cactus Giant
 17582 | Lair:2   | Gained mutation: You are strongly in touch with the powers
                  | of death. [Mummy growth]
 17582 | Lair:2   | Reached XP level 13. HP: 97/97 MP: 31/31
 17643 | Lair:2   | Reached skill level 5 in Summonings
 17645 | Lair:2   | Noticed Fannar
 17658 | Lair:2   | Killed Fannar
 17785 | Lair:2   | Found a staircase to the Swamp.
 18667 | Lair:1   | Reached skill level 15 in Spellcasting
 19701 | Lair:3   | Reached ***** piety under Hepliaklqana
 19701 | Lair:3   | Found a hole to the Spider Nest.
 20636 | Lair:4   | Found a viscous altar of Jiyva.
 20636 | Lair:4   | Found a staircase to the Slime Pits.
 20716 | Lair:4   | Noticed Josephine
 20729 | Lair:4   | HP: 3/99 [Josephine/dispel undead (31)]
 20731 | Lair:4   | Killed Josephine
 20731 | Lair:4   | Slain by a wraith

Illustrated notes

Levels and vault maps discovered:
D:1:      dpeg_arrival_refuge, layout_loops_ring
D:2:      layout_basic, basic_altar
D:3:      layout_loops_corners, lemuel_doored_altar, grunt_gozag_breadcrumbs
D:4:      layout_basic, mainiacjoe_overflow_small_starburst,
          minmay_temple_entry_proselytizer, serial_shops, shop, uniq_edmund
D:5:      layout_cave_pools, minmay_misc_feat_more_columns
D:6:      layout_layer_cave, minmay_misc_feat_enclosed, minmay_misc_feat_iff,
          hangedman_decor_diamond_cutter, nicolae_shop_unique_rings
D:7:      layout_basic, nicolae_ru_the_path_less_chosen
D:8:      layout_loops_corners, mainiacjoe_overflow_surrounded_room,
          mainiacjoe_overflow_large_starburst, kennysheep_mini,
          gammafunk_ghost_ooze, mrwooster_statue_mirror, nicolae_shop_vocational
D:9:      layout_stronghold
D:10:     layout_irregular_city, general_overflow_altar,
          nicolae_overflow_hidden_temple, nicolae_elyvilon_temple_path,
          mainiacjoe_overflow_alcove_4, serial_column_ruins,
          column_ruins_open_medium_water, column_ruins_open_tiny,
          column_ruins_open_tiny, column_ruins_open_large,
          column_ruins_open_tiny, column_ruins_columns_straight,
          lightli_wizard_tower, uniq_harold, uniq_snorg, uniq_lodul
D:11:     layout_roguey, minmay_lair_entry_grove, erik_orc_1,
          nicolae_specific_store, uniq_grum
Temple:   nicolae_temple_superstar
Lair:1:   layout_gridlike, grunt_megastairs_1
Lair:2:   layout_long_grid, swamp_mist_pool, nicolae_volcano_entry_two_sided,
          grunt_forest_stairs_basic, uniq_fannar
Lair:3:   layout_misc_corridors, spider_nest_entry_web_field, grunt_megastairs_3
Lair:4:   layout_gridlike, dpeg_slime_entry_enclosed, uniq_josephine
Orc:1:    layout_diamond_mine
Orc:2:    grunt_orc_gardens, layout_diamond_mine, grunt_orc_garden,
          grunt_orc_garden, grunt_orc_garden, grunt_orc_garden, serial_shops,
          shop

Skill      XL: |  1  2  3  4  5  6  7  8  9 10 11 12 13 |
---------------+----------------------------------------+-----
Spellcasting   | 3 4 5 6 7 9 10 12 14 15 | 15.6
Fighting       | 1 2 3 4 5 6 7 8 10 12 13 | 13.1
Necromancy     | 6 7 8 |  8.0
Armour         | 1 2 4 5 |  5.0
Dodging        | 2 3 4 5 |  5.0
Shields        | 1 2 4 5 |  5.0
Long Blades    | 1 2 3 |  3.0
Summonings     | 4 6 |  6.5
Stealth        | |  1.5

Action                   |  1- 3 |  4- 6 |  7- 9 | 10-12 | 13-15 || total
-------------------------+-------+-------+-------+-------+-------++-------
Melee: Unarmed           |    14 |       |       |       |       ||    14
       Long sword        |    18 |    12 |    93 |    66 |    17 ||   206
 Cast: Necrotise         |    73 |    83 |   119 |   298 |    92 ||   665
       Vampiric Draining |       |     4 |    36 |    98 |    17 ||   155
       Animate Dead      |       |       |     5 |     8 |     4 ||    17
       Dispel Undead     |       |       |     9 |    10 |    11 ||    30
       Call Canine Famil |       |       |       |    14 |    15 ||    29
       Summon Guardian G |       |       |       |       |    15 ||    15
Invok: Recall Ancestor   |       |       |       |     6 |     4 ||    10
       Ancestor Life: Ba |       |       |       |     1 |       ||     1
  Use: Scroll            |       |     4 |    10 |     5 |     2 ||    21
 Stab: Sleeping          |     1 |       |       |       |     1 ||     2
       Distracted        |       |       |       |     1 |       ||     1
Armor: Robe              |    12 |     9 |    66 |    41 |    37 ||   165
       Ring mail         |       |       |       |    51 |       ||    51
Dodge: Dodged            |    21 |    19 |    91 |   126 |    58 ||   315
Block: Kite shield       |       |       |    69 |   211 |    64 ||   344

Table legend: (Time is in decaauts)
 A = Elapsed time spent in this place.
 B = Non-inter-level travel time spent in this place.
 C = Inter-level travel time spent in this place.
 D = Time resting spent in this place.
 E = Time spent auto-exploring this place.
 F = Levels seen in this place.
 G = Mean time per level.
                   A        B        C        D        E       F      G
               +--------+--------+--------+--------+--------+-----+--------+
         Total |  20854 |  19289 |   1565 |   2696 |  12645 |  19 | 1097.6 |
       Dungeon |  15528 |  14250 |   1278 |   2061 |   9548 |  11 | 1411.6 |
        Temple |    119 |    117 |      2 |      0 |     86 |   1 |  119.0 |
          Lair |   4175 |   3901 |    274 |    353 |   2656 |   4 | 1043.8 |
  Orcish Mines |    498 |    488 |     10 |    265 |     90 |   2 |  249.0 |
       Volcano |    533 |    533 |      0 |     17 |    265 |   1 |  533.0 |
               +--------+--------+--------+--------+--------+-----+--------+

Top non-repeatable levels by time:
    D:11: 2222 daAuts
     D:9: 1739 daAuts
    D:10: 1644 daAuts
     D:8: 1595 daAuts
  Lair:1: 1496 daAuts
     D:4: 1474 daAuts
  Lair:2: 1339 daAuts
     D:3: 1200 daAuts
     D:2: 1199 daAuts
     D:7: 1158 daAuts
     D:1: 1145 daAuts
     D:6: 1089 daAuts
     D:5: 1059 daAuts
  Lair:4: 719 daAuts
  Lair:3: 619 daAuts
